 Dungeon Crawl Stone Soup version 0.30.0-20-g3b4254fcbd (webtiles) character file.

Game seed: 1824169321352328484

11545 joshe the Thaumaturge (level 11, -5/54 HPs)
             Began as a Deep Elf Conjurer on June 3, 2023.
             Was an Initiate of Hepliaklqana.
             Slain by a six-headed hydra (13 damage)
             ... on level 1 of the Lair of Beasts.
             The game lasted 01:13:47 (12849 turns).

joshe the Thaumaturge (Deep Elf Conjurer)          Turns: 12849, Time: 01:13:47

Health: -5/54      AC: 15    Str:  4    XL:     11   Next: 50%
Magic:  2/31       EV: 13    Int: 28    God:    Hepliaklqana [......]
Gold:   229        SH:  0    Dex: 19    Spells: 22/38 levels left

rFire   . . .        d - +3 dagger (venom)
rCold   + . .        (no shield)
rNeg    . . .        y - +3 leather armour of Fortitude {rC+}
rPois   .            u - +2 helmet {SInv}
rElec   .            g - +0 cloak
rCorr   .            s - +0 pair of gloves
SInv    +            k - +2 pair of boots
Will    +....        N - amulet of magic regeneration
Stlth   ++           H - +6 ring of dexterity
HPRegen 0.29/turn    (no ring)
MPRegen 0.62/turn

%: no passive effects
@: hasted, very quick
A: no striking features
a: Renounce Religion


You were on level 1 of the Lair of Beasts.
You worshipped Hepliaklqana.
Hepliaklqana was noncommittal.
You visited 3 branches of the dungeon, and saw 12 of its levels.
You also visited: Ossuary.

You collected 571 gold pieces.
You spent 342 gold pieces at shops.

Inventory:

Hand Weapons
 d - a +3 dagger of venom (weapon)
 e - a +1 whip of pain
 x - a +0 short sword of venom
Missiles
 n - 6 silver javelins
Armour
 g - a +0 cloak (worn)
 k - a +2 pair of boots (worn)
 s - a +0 pair of gloves (worn)
 u - a +2 helmet of see invisible (worn)
 y - the +3 leather armour of Fortitude (worn) {rC+}
   (You bought it in a shop on level 4 of the Dungeon)

   rC:        It protects you from cold.
 z - a +2 leather armour of fire resistance
 I - a +1 leather armour of poison resistance
Magical Staves
 p - a staff of earth
Jewellery
 H - a +6 ring of dexterity (left hand)
 N - an amulet of magic regeneration (around neck)
Wands
 h - a wand of flame (34)
 B - a wand of mindburst (10)
 J - a wand of charming (5)
 M - a wand of polymorph (17)
Scrolls
 a - a scroll of summoning
 l - 4 scrolls of enchant weapon
 m - 3 scrolls of poison
 q - a scroll of immolation
 r - 10 scrolls of teleportation
 C - 3 scrolls of magic mapping
 D - 3 scrolls of amnesia
 E - a scroll of silence {unknown}
 G - a scroll of fog
Potions
 b - 2 potions of magic
 c - 3 potions of might
 f - a potion of lignification
 j - 6 potions of berserk rage
 o - a potion of brilliance
 v - 4 potions of mutation
 w - a potion of curing
 F - a potion of heal wounds
 K - 3 potions of cancellation
 L - a potion of resistance
 O - a potion of flight
 P - a potion of invisibility


   Skills:
 - Level 5.0 Armour
 - Level 5.0 Dodging
 - Level 3.0 Stealth
 - Level 14.0 Spellcasting
 + Level 9.7 Conjurations
 - Level 10.0 Hexes
 - Level 4.0 Translocations
 - Level 2.0 Air Magic
 - Level 2.0 Poison Magic
 - Level 4.0 Invocations
 - Level 4.0 Evocations


You had 22 spell levels left.
You knew the following spells:

 Your Spells              Type           Power      Damage    Failure   Level
a - Magic Dart            Conj           100%       1d8       1%          1
b - Searing Ray           Conj           100%       2d8       1%          2
c - Fulminant Prism       Conj/Hex       33%        3d15      1%          4
d - Iskenderun's Mystic   Conj/Tloc      55%        2d12      2%          4
e - Mephitic Cloud        Conj/Pois/Air  45%        N/A       1%          3
f - Poisonous Vapours     Pois/Air       60%        N/A       3%          2

Your spell library contained the following spells:

 Spells                   Type           Power      Damage    Failure   Level
 Dazzling Flash           Conj/Hex       100%       N/A       1%          3
 Hailstorm                Conj/Ice       47%        3d11      1%          3
 Summon Guardian Golem    Hex/Summ       47%        N/A       1%          3
 Vhi's Electric Charge    Tloc/Air       72%        N/A       3%          3
 Necrotise                Necr           76%        1d7       4%          1
 Cigotuvi's Dreadful Rot  Necr/Pois/Air  54%        N/A       4%          2
 Arcjolt                  Conj/Air       25%        1d35      11%         5
 Ozocubu's Armour         Ice            19%        N/A       13%         3
 Metabolic Englaciation   Hex/Ice        23%        N/A       16%         5
 Freezing Cloud           Conj/Ice/Air   20%        6-21      24%         5
 Ice Form                 Ice/Tmut       19%        N/A       41%         4
 Orb of Destruction       Conj           32%        9d10      56%         7
 Plasma Beam              Fire/Air       12%        2x1d26    99%         6
 Spellforged Servitor     Conj/Summ      23%        N/A       99%         7
 Simulacrum               Ice/Necr       9%         N/A       100%        6
 Borgnjor's Revivificati  Necr           9%         N/A       100%        8
 Infestation              Necr           9%         N/A       100%        8
 Maxwell's Capacitive Co  Air            15%        ∞         100%        8


Dungeon Overview and Level Annotations

Branches:
Dungeon (10/15)            Temple (1/1) D:6            Lair (1/5) D:9
Ossuary (visited)
    Orc: D:9-12

Altars:
Ashenzari
Cheibriados
Dithmenos
Elyvilon
Fedhas
Gozag
Hepliaklqana
Kikubaaqudgha
Makhleb
Nemelex Xobeh
Okawaru
Qazlal
Ru
Sif Muna
Trog
Uskayaw
Vehumet
Wu Jian
Xom
Yredelemnul
Zin
The Shining One

Shops:
D:1 :   D:4 *

Annotations:
D:10 3 runed translucent doors, Kamelo's ghost, journeyman GrEE
Lair:1 Sonja


Message History

Casting: Iskenderun's Mystic Blast (dangerous; 2% risk of failure)
Confirm with . or Enter, or press ? or * to list all spells.
You erupt in a blast of force!
The mystic blast hits the cane toad!!
The cane toad is almost dead.
The cane toad is knocked back by the mystic blast.
The cane toad slams into the rock wall!
You kill the cane toad!
The mystic blast hits the six-headed hydra!
The six-headed hydra is severely wounded.
You hear a bellow!
The six-headed hydra bites you but does no damage.
The six-headed hydra bites you!
The six-headed hydra closely misses you.
The six-headed hydra bites you but does no damage.
The six-headed hydra misses you. The six-headed hydra bites you.
Casting: Iskenderun's Mystic Blast (dangerous; 2% risk of failure)
Confirm with . or Enter, or press ? or * to list all spells.
You erupt in a blast of force!
The mystic blast hits the six-headed hydra!
The six-headed hydra is severely wounded.
The six-headed hydra bites you! x2
* * * LOW HITPOINT WARNING * * *
The six-headed hydra misses you. The six-headed hydra bites you!
* * * LOW HITPOINT WARNING * * *
The six-headed hydra bites you!
* * * LOW HITPOINT WARNING * * *
The six-headed hydra bites you but does no damage.
Okay, then.
You feel much better. The six-headed hydra misses you.
The six-headed hydra bites you but does no damage.
The six-headed hydra bites you.
The six-headed hydra bites you but does no damage.
The six-headed hydra bites you. The six-headed hydra bites you!
* * * LOW HITPOINT WARNING * * *
Okay, then.
You feel yourself speed up.
A bullfrog comes into view.
The six-headed hydra bites you but does no damage. x3
The six-headed hydra bites you!
You die...

P. .# #. .. #. .# #.
.## #. ### ###..#
#.####.##.###.#.######
.....†...FK††.†.......
####.#####D#####......
#)@# ..... ##.# ....
#.# F.. #.# .. #.# .
#.. #.# #.. #.P


You could see a six-headed hydra, Sonja and a bullfrog (wandering).

Vanquished Creatures
  A two-headed ogre (D:10)
  A centaur warrior (D:10)
  A boulder beetle (D:10)
  A skeletal warrior (D:10)
  A deep elf pyromancer (D:10)
  A cane toad (Lair:1)
  An unseen horror (D:10)
  A kobold demonologist (D:9)
  A komodo dragon (Lair:1)
  3 trolls
  Sigmund (D:4)
  2 wyverns (D:9)
  A wraith (D:10)
  A steam dragon (D:8)
  13 yaks
  3 water moccasins
  3 black bears
  2 sky beasts
  An orc warrior (D:9)
  An ice beast (D:7)
  5 wolves
  3 ogres
  A kobold brigand (D:7)
  2 phantoms (D:5)
  2 bullfrogs
  A gnoll sergeant (D:10)
  4 scorpions
  12 wights
  9 killer bees
  An electric eel (D:9)
  2 centaur zombies (Ossuary)
  A bullfrog zombie (Ossuary)
  3 jellies
  4 hounds
  A gnoll bouda (D:10)
  10 orc priests
  2 sleepcaps
  4 iguanas
  3 orc wizards
  3 scorpion zombies (Ossuary)
  An ogre zombie (Ossuary)
  Robin (D:4)
  12 gnolls
  6 adders
  2 shadow imps (D:5)
  2 ufetubi
  3 adder zombies (Ossuary)
  2 worms (D:2)
  2 dart slugs (D:2)
  20 orcs
  7 ball pythons
  4 endoplasms
  2 giant cockroaches
  5 gnoll zombies (Ossuary)
  10 hobgoblins
  2 jackals (D:2)
  2 quokkas (D:4)
  7 bats
  5 frilled lizards
  13 goblins
  A goblin zombie (Ossuary)
  2 hobgoblin zombies (Ossuary)
  11 kobolds
  3 orc zombies (Ossuary)
  5 rats
  A fulminant prism (D:10)
244 creatures vanquished.

Vanquished Creatures (others)
  A wight (D:10)
  125 fulminant prisms
126 creatures vanquished.

Grand Total: 370 creatures vanquished

Notes
Turn   | Place    | Note
-------+----------+-------------------------------------------
     0 | D:1      | joshe the Deep Elf Conjurer began the quest for the Orb.
     0 | D:1      | Reached XP level 1. HP: 10/10 MP: 6/6
   164 | D:1      | Found Nunaqu's Book Emporium.
   306 | D:1      | Reached XP level 2. HP: 15/15 MP: 3/8
   702 | D:1      | Learned a level 2 spell: Searing Ray
   749 | D:2      | Found an ancient bone altar of Kikubaaqudgha.
   905 | D:2      | Reached skill level 4 in Spellcasting
   905 | D:2      | Reached skill level 5 in Conjurations
   905 | D:2      | Reached XP level 3. HP: 19/19 MP: 5/10
  1022 | D:2      | Found a faded altar of an unknown god.
  1274 | D:2      | Reached skill level 5 in Spellcasting
  1490 | D:2      | Reached XP level 4. HP: 24/24 MP: 4/13
  1495 | D:2      | Learned a level 4 spell: Fulminant Prism
  1841 | D:3      | Found an ancient bone altar of Kikubaaqudgha.
  2162 | D:3      | Found a shimmering altar of Xom.
  2243 | D:3      | Reached XP level 5. HP: 28/28 MP: 9/14
  2952 | D:4      | Reached skill level 5 in Hexes
  3066 | D:4      | Reached XP level 6. HP: 32/32 MP: 10/16
  3116 | D:4      | Reached skill level 6 in Spellcasting
  3121 | D:4      | Learned a level 4 spell: Iskenderun's Mystic Blast
  3212 | D:4      | Reached skill level 1 in Translocations
  3625 | D:4      | Noticed Robin
  3654 | D:4      | Noticed Sigmund
  3659 | D:4      | Killed Sigmund
  3660 | D:4      | Reached skill level 7 in Spellcasting
  3660 | D:4      | Reached XP level 7. HP: 36/36 MP: 10/20
  3745 | D:4      | Killed Robin
  3905 | D:4      | Found Feoplucs's Assorted Antiques.
  4433 | D:4      | Bought a masterwork leather armour for 133 gold pieces
  4433 | D:4      | Identified the +3 leather armour of Fortitude {rC+} (You
                  | bought it in a shop on level 4 of the Dungeon)
  4433 | D:4      | Bought a scroll of identify for 38 gold pieces
  4433 | D:4      | Bought a scroll labelled DYSUC FUPSYPN for 19 gold pieces
  4520 | D:5      | Entered Level 5 of the Dungeon
  4526 | D:5      | Reached skill level 1 in Armour
  4526 | D:5      | Reached skill level 8 in Spellcasting
  4681 | D:5      | Reached skill level 9 in Spellcasting
  5072 | D:5      | Reached XP level 8. HP: 41/41 MP: 9/23
  5306 | D:5      | Found an iron altar of Okawaru.
  5466 | D:5      | Found a snail-covered altar of Cheibriados.
  6522 | D:6      | Learned a level 3 spell: Mephitic Cloud
  6525 | D:6      | Learned a level 2 spell: Poisonous Vapours
  6598 | D:6      | Found a burning altar of Makhleb.
  6648 | D:6      | Found a staircase to the Ecumenical Temple.
  6661 | Temple   | Entered the Ecumenical Temple
  6661 | Temple   | Found a transporter.
  6661 | Temple   | Found a transporter.
  6663 | Temple   | Found a transporter.
  6663 | Temple   | Found a transporter.
  6830 | D:7      | Reached skill level 1 in Poison Magic
  6837 | D:7      | Reached skill level 10 in Spellcasting
  6837 | D:7      | Reached skill level 1 in Air Magic
  7209 | D:7      | Reached XP level 9. HP: 45/45 MP: 15/25
  7574 | D:7      | Found a shimmering blue altar of Sif Muna.
  7640 | D:7      | Found a white marble altar of Elyvilon.
  7737 | D:7      | You fall into a shaft and drop 2 floors!
  7909 | D:8      | Found a sand-covered staircase.
  7918 | Ossuary  | Entered an ossuary
  8578 | Ossuary  | Noticed a silent spectre
  8690 | D:8      | Found a bloodstained altar of Trog.
  8709 | D:7      | Found a glowing golden altar of the Shining One.
  8784 | D:7      | Found a sacrificial altar of Ru.
  8942 | D:8      | Reached skill level 11 in Spellcasting
  9046 | D:8      | Reached skill level 5 in Dodging
  9046 | D:8      | Reached skill level 12 in Spellcasting
  9816 | D:4      | Bought 3 scrolls of identify for 114 gold pieces
  9816 | D:4      | Bought a scroll of identify for 38 gold pieces
 10090 | D:9      | Reached XP level 10. HP: 50/50 MP: 23/28
 10545 | D:9      | Reached skill level 5 in Armour
 10796 | D:9      | Found a staircase to the Lair.
 11103 | D:10     | Entered Level 10 of the Dungeon
 11113 | D:10     | Found a hide-covered altar of Uskayaw.
 11148 | D:10     | Found a runed translucent gate.
 11148 | D:10     | Found a runed translucent gate.
 11148 | D:10     | Found a runed translucent gate.
 11182 | D:10     | Reached skill level 13 in Spellcasting
 11428 | D:10     | Found a broken altar of Ashenzari.
 11505 | D:10     | Found a basalt altar of Yredelemnul.
 11545 | D:10     | Got Gloorx Vloq's Monograph on Poisonous Open Graves
 11626 | D:10     | Found a sparkling altar of Nemelex Xobeh.
 11715 | D:10     | Noticed Kamelo's ghost (journeyman GrEE)
 11716 | D:10     | Identified the +6 chain mail of Gyafoesusch {rElec}
 11791 | D:10     | Reached skill level 14 in Spellcasting
 11791 | D:10     | Reached skill level 1 in Evocations
 11842 | D:10     | Noticed a two-headed ogre
 11865 | D:10     | Killed a two-headed ogre
 11961 | D:10     | Reached XP level 11. HP: 54/54 MP: 25/31
 11997 | D:10     | Found a hazy altar of Hepliaklqana.
 12001 | D:10     | Became a worshipper of Hepliaklqana the Forgotten
 12068 | D:10     | Noticed a centaur warrior
 12068 | D:10     | Noticed a boulder beetle
 12068 | D:10     | Noticed a deep elf pyromancer
 12068 | D:10     | Noticed a skeletal warrior
 12235 | D:10     | Killed a deep elf pyromancer
 12314 | D:10     | Killed a centaur warrior
 12315 | D:10     | Reached skill level 10 in Hexes
 12426 | D:10     | Killed a skeletal warrior
 12427 | D:10     | Reached skill level 1 in Invocations
 12484 | D:10     | Killed a boulder beetle
 12536 | D:10     | Identified the +0 robe "Dellu" {Harm SInv}
 12537 | D:10     | Identified the +8 shortbow "Vunwaddalua" {antimagic, rCorr}
 12771 | Lair:1   | Entered Level 1 of the Lair of Beasts
 12831 | Lair:1   | Noticed Sonja
 12836 | Lair:1   | Noticed a six-headed hydra
 12847 | Lair:1   | HP: 1/54 [six-headed hydra (7)]
 12849 | Lair:1   | Slain by a six-headed hydra

Illustrated notes

Levels and vault maps discovered:
D:1:      beargit_arrival_greenhouse, layout_basic, serial_shops,
          nicolae_shop_tiny_glass
D:2:      layout_rooms, chequers_ecumenical_altar_island, basic_altar,
          minmay_quadrilaterals
D:3:      layout_basic, lemuel_round_altar, dk_xom_monty_hall
D:4:      layout_cave_pods, nicolae_inconvenience_store, uniq_sigmund,
          uniq_robin
D:5:      layout_rooms, cheibriados_altar_1, mainiacjoe_overflow_alcove_1
D:6:      layout_cave_pools, mainiacjoe_overflow_paths, temple_statues
D:7:      layout_rooms, nicolae_sif_muna_little_library,
          mainiacjoe_overflow_cross_hatched, nicolae_ru_the_path_less_chosen,
          elyvilon_altar_3
D:8:      layout_basic, mainiacjoe_overflow_concentric_impassable,
          nicolae_ossuary_entry_plus
D:9:      layout_roguey, erik_lair_island
D:10:     layout_loops_ring, eat_drink_and_be_merry_uskayaw,
          mainiacjoe_overflow_alcove_4, nemelex_diamond_rough_becter,
          nzn_hepliaklqana_mist_gate, nicolae_ashenzari_skybound,
          biasface_ghost_orc_armoury, wad_scary_box
Temple:   hellmonk_temple_divided_pantheon
Lair:1:   layout_small_grid, mumra_transporter_accident,
          chequers_serial_rivers_micro_e, lemuel_fruit_tree, uniq_gastronok,
          uniq_harold, uniq_sonja

Skill      XL: |  1  2  3  4  5  6  7  8  9 10 11 |
---------------+----------------------------------+-----
Spellcasting   | 4 5 7 9 10 12 14 | 14.0
Conjurations   | 5 6 7 9 |  9.7
Hexes          | 3 5 6 7 8 10 | 10.0
Dodging        | 3 5 |  5.0
Stealth        | 3 |  3.0
Translocations | 3 4 |  4.0
Armour         | 1 3 4 5 |  5.0
Poison Magic   | 2 |  2.0
Air Magic      | 2 |  2.0
Evocations     | 3 4 |  4.0
Invocations    | 4 |  4.0

Action                     |  1- 3 |  4- 6 |  7- 9 | 10-12 || total
---------------------------+-------+-------+-------+-------++-------
   Cast: Magic Dart        |    51 |    47 |    87 |     6 ||   191
         Searing Ray       |     8 |    10 |    39 |     8 ||    65
         Fulminant Prism   |       |     9 |    47 |    70 ||   126
         Iskenderun's Myst |       |       |     6 |    22 ||    28
         Poisonous Vapours |       |       |     4 |     6 ||    10
         Mephitic Cloud    |       |       |     2 |     4 ||     6
  Evoke: Wand              |       |       |     1 |     1 ||     2
    Use: Scroll            |     1 |     4 |    17 |     6 ||    28
         Potion            |       |       |     2 |     4 ||     6
 Armour: Robe              |     1 |     3 |       |       ||     4
         Leather armour    |       |       |     7 |    15 ||    22
  Dodge: Dodged            |     1 |     6 |     8 |    19 ||    34
